AoeStats
← 鄙人張麻子

Arena

505028383Analyzed
4v4 RM · 26d ago on Sep 7, 2026· 34m 44s· 8 players
Game mode
Random Map
Map size
Large (8 player)
Population
200
Speed
Normal
Resources
Standard
Victory
Conquest
Starting age
Dark Age
Ending age
Imperial Age
RankedLock teamsTeams togetherTeam positionsShared explorationLock speedFull tech treeHidden civsTurbo modeCheats
Victory
Defeat
🇹🇼 Spanish · Taiwan
1177
+19
🇦🇹 Burmese · Austria
1157
+20
🇦🇷 Turks · Argentina
1155
+20
🇨🇳 Slavs · China
1154
+20
🇨🇴 Mongols · Colombia
1385
-26
🇨🇳 Magyars · China
1255
-20
1216
-19
🇻🇪 Portuguese · Venezuela
1093
-14
Chaneitor
12:39 Feudal Age
16:19 Castle Age
18:42 Loom
21:50 Imperial Age
20:12 Padded Archer Armor
21:09 Leather Archer Armor
23:16 Ring Archer Armor
Bantum
9:46 Feudal Age
16:01 Castle Age
17:46 Gold Mining
17:47 Stone Mining
18:42 Horse Collar
20:58 Heavy Plow
21:40 Gold Mining
23:13 Loom
24:15 Wheelbarrow
25:35 Forging
25:31 Scale Barding Armor
26:15 Bloodlines
28:43 Iron Casting
28:39 Chain Barding Armor
28:43 Husbandry
33:32 Man-at-Arms
34:16 Scale Mail Armor
鄙人張麻子
11:14 Feudal Age
14:52 Castle Age
12:43 Horse Collar
13:13 Double-Bit Axe
16:03 Bow Saw
24:23 Wheelbarrow
25:31 Loom
26:04 Hand Cart
30:56 Imperial Age
28:48 Padded Archer Armor
28:57 Heavy Plow
29:09 Town Watch
30:46 Gold Mining
31:09 Bloodlines
31:13 Loom
30:58 Elite Conquistador
33:23 Chemistry
32:28 Stone Mining
33:36 Leather Archer Armor
33:44 Conscription
Salkeliet
10:40 Feudal Age
14:19 Castle Age
13:00 Double-Bit Axe
13:31 Horse Collar
15:10 Bow Saw
18:15 Loom
20:56 Wheelbarrow
21:09 Stone Mining
21:11 Gold Mining
22:26 Heavy Plow
24:10 Sanctity
24:06 Hand Cart
25:33 Gold Shaft Mining
28:52 Imperial Age
26:01 Man-at-Arms
26:41 Squires
27:09 Bloodlines
27:00 Scale Mail Armor
27:10 Forging
28:06 Chain Mail Armor
27:39 Long Swordsman
29:49 Redemption
29:23 Capped Ram
29:28 Two-Handed Swordsman
30:51 Plate Mail Armor
30:57 Conscription
31:41 Iron Casting
31:01 Fletching
32:18 Siege Engineers
32:18 Onager
34:45 Coinage
Chavetox
0:37 Loom
11:24 Feudal Age
16:50 Castle Age
18:06 Horse Collar
18:14 Double-Bit Axe
19:20 Heavy Plow
21:11 Bow Saw
27:45 Bloodlines
27:35 Husbandry
27:30 Pikeman
30:01 Scale Mail Armor
30:11 Forging
31:23 Chain Mail Armor
32:11 Elite Skirmisher
Pug Carlino
10:05 Feudal Age
12:09 Double-Bit Axe
14:27 Castle Age
12:16 Double-Bit Axe
12:45 Horse Collar
15:31 Bow Saw
16:06 Heavy Plow
18:17 Gold Mining
19:52 Scale Barding Armor
22:57 Chain Barding Armor
23:16 Bloodlines
23:29 Loom
27:49 Forging
29:15 Husbandry
28:36 Light Cavalry
29:30 Town Watch
东海的世界
10:52 Feudal Age
9:41 Loom
11:50 Double-Bit Axe
14:42 Castle Age
26:07 Elite Skirmisher
26:59 Padded Archer Armor
28:19 Fletching
El Monje Cleptómano de Cieza
11:13 Feudal Age
12:47 Double-Bit Axe
15:15 Castle Age
13:28 Horse Collar
16:14 Bow Saw
17:39 Heavy Plow
20:18 Wheelbarrow
19:58 Loom
20:18 Stone Mining
25:36 Masonry
25:56 Fortified Wall
25:40 Gold Mining
27:14 Hand Cart
28:22 Gold Shaft Mining
28:24 Stone Shaft Mining
31:19 Imperial Age
29:35 Scale Mail Armor
29:46 Forging
29:38 Padded Archer Armor
30:47 Ballistics
31:26 Onager
31:28 Capped Ram
32:21 Furor Celtica
32:39 Conscription
31:42 Heavy Scorpion
34:29 Chemistry
33:45 Siege Engineers
34:05 Siege Ram
Connection lost

Rejoining the realm…

Still unreachable

The connection could not be restored.

Session expired

The server has moved on; the page needs a fresh start.